 Dungeon Crawl Stone Soup version 0.26.1-2-gb8aa6d0cf2 (webtiles) character file.

Game seed: 147602172954621964

12005 Goaboa the Fighter (level 11, -5/104 HPs)
             Began as a Hill Orc Monk on Feb 16, 2021.
             Was a High Priest of Trog.
             Slain by an orc warrior
             ... wielding a +0 war axe
              (26 damage)
             ... on level 11 of the Dungeon.
             The game lasted 00:46:15 (12343 turns).

Goaboa the Fighter (Hill Orc Monk)                 Turns: 12343, Time: 00:46:16

Health: -5/104     AC: 17    Str: 20    XL:     11   Next: 86%
Magic:  11/11      EV: 20    Int: 10    God:    Trog [*****.]
Gold:   903        SH:  0    Dex: 20    Spells: 10/10 levels left

rFire    . . .     SeeInvis .   l - +3 battleaxe "Lapli" {vamp, Str+3}
rCold    + . .     Faith    +   (shield currently unavailable)
rNeg     . . .     Spirit   .   I - +2 ring mail of Geacle Kusa {Harm Rampage rC+}
rPois    .         Reflect  .   y - +2 hat
rElec    .         Harm     +   h - +0 cloak
rCorr    .         Rampage  +   V - +2 pair of gloves
Will     .....                  w - +0 pair of boots
Stlth    ++........             L - amulet of faith
HPRegen  0.27/turn              A - +6 ring of dexterity
MPRegen  0.12/turn              k - +4 ring of evasion

@: no status effects
A: no striking features
a: Renounce Religion, Berserk, Trog's Hand, Brothers in Arms


You were on level 11 of the Dungeon.
You worshipped Trog.
Trog was extremely pleased with you.
You visited 1 branch of the dungeon, and saw 11 of its levels.

You collected 903 gold pieces.

Inventory:

Hand Weapons
 a - a +4 falchion of freezing
 l - the +3 battleaxe "Lapli" (weapon) {vamp, Str+3}
   (You found it on level 11 of the Dungeon)

   It inflicts no extra harm, but heals its wielder when it wounds a living foe.
   It affects your strength (+3).
 p - a +1 flail of holy wrath
 M - the +6 great sword "Ramnyh" {vorpal, +Rage SInv}
   (You found it on level 7 of the Dungeon)

   It inflicts extra damage upon your enemies.
   It lets you see invisible.
   It lets you go berserk.
Armour
 h - a +0 cloak (worn)
 m - a +0 chain mail
 u - a +0 plate armour
 w - a +0 pair of boots (worn)
 y - a +2 hat (worn)
 F - a +0 leather armour of fire resistance
 I - the +2 ring mail of Geacle Kusa (worn) {Harm Rampage rC+}
   (You found it on level 9 of the Dungeon)

   It protects you from cold.
   It increases damage dealt and taken.
   It bestows one free step when moving towards enemies.
 K - a +1 pair of gloves
 P - a +0 ring mail of fire resistance
 V - a +2 pair of gloves (worn)
Jewellery
 k - a +4 ring of evasion (right hand)
 A - a +6 ring of dexterity (left hand)
 C - an uncursed ring of willpower
 D - an uncursed ring of fire
 L - an amulet of faith (around neck)
 N - an uncursed ring of teleportation
 O - a +4 ring of protection
 Q - an uncursed amulet of magic regeneration
 R - an uncursed amulet of regeneration
 S - a +6 ring of intelligence
 W - an uncursed amulet of the acrobat {unknown}
Wands
 o - a wand of acid (9)
 G - a wand of flame (38)
Scrolls
 c - a scroll of blinking
 f - 2 scrolls of enchant armour
 g - 9 scrolls of remove curse
 j - 2 scrolls of fog
 q - 3 scrolls of teleportation
 x - 4 scrolls of enchant weapon
 B - a scroll of amnesia
 E - a scroll of fear
 T - a scroll of noise {unknown}
 U - 2 scrolls of magic mapping
 X - a scroll of vulnerability {unknown}
Potions
 b - a potion of heal wounds
 d - 3 potions of flight
 e - 3 potions of degeneration
 i - 4 potions of curing
 n - 2 potions of mutation
 r - a potion of invisibility {unknown}
 s - a potion of attraction {unknown}
 t - 2 potions of berserk rage {unknown}
 v - 3 potions of lignification
 z - 2 potions of magic {unknown}
 H - 4 potions of brilliance {unknown}
 J - a potion of haste {unknown}


   Skills:
 + Level 11.7 Fighting
 - Level 8.8 Long Blades
 + Level 7.2(7.7) Axes
 - Level 3.3(5.1) Maces & Flails
 + Level 10.2 Armour
 + Level 7.4 Dodging
 - Level 1.5 Stealth
 - Level 1.2 Summonings


You had 10 spell levels left.
You didn't know any spells.
Your spell library was empty.

Dungeon Overview and Level Annotations

Branches:
Dungeon (11/15)            Temple (0/1) D:5            Lair (0/6) D:8
    Orc (0/2) D:11

Altars:
Cheibriados
Dithmenos
Hepliaklqana
Kikubaaqudgha
Makhleb
Nemelex Xobeh
Qazlal
Sif Muna
Trog
Wu Jian
Xom
Yredelemnul
Zin

Annotations:
D:5 2 transporters, tysohal's ghost, novice TrWr
D:7 2 transporters, Quickbrownfox's ghost, novice MiMo
D:9 1 runed translucent door


Message History

The orcs go into a battle-frenzy!
You hit the orc knight.
You feel better.
The orc knight is severely wounded.
The orc no longer looks unusually strong.
The orc knight hits you but does no damage.
You slash the orc knight!
The orc knight is almost dead.
You hit the orc warrior but do no damage.
The orc warrior closely misses you. The orc knight closely misses you.
The adder barely misses you.
The orc knight roars a battlecry!
The orc goes into a battle-frenzy!
The orc warrior hits you with a +0 war axe!!
You closely miss the orc warrior.
The orc warrior hits you from afar with a +0 halberd of protection!!
* * * LOW HITPOINT WARNING * * *
The adder bites you but does no damage. The adder completely misses you.
The orc warrior hits you with a +0 war axe!!
You die...

.......##..........##..# #.#8#
.......#.......>.......## ##.###
........................####..#
...........o.................##
........####o..o..........#####
....)#### ####o..........##..###
...### #.oo.........#..... .###
#So................ ##
#.@...)............ ###
##................. ..#####
#..............)..
..o...#########...............##.
..o...o......................####
......o.o.!.)................# #
....>....###................## #
#....##### #................#####
#..### ##....................#


You could see an orc knight, 2 orc warriors, an adder and 2 orcs.

Vanquished Creatures
  Gastronok (D:8)
  Erolcha (D:9)
  2 two-headed ogres
  An unseen horror (D:11)
  2 ugly things (D:11)
  A manticore (D:11)
  A gargoyle (D:11)
  Grinder (D:4)
  A wyvern (D:10)
  9 yaks (D:11)
  A wraith (D:10)
  A soldier ant (D:11)
  A water moccasin (D:10)
  9 orc warriors
  2 sky beasts
  A phantom (D:10)
  A necrophage (D:10)
  A black bear (D:6)
  4 ogres
  7 centaurs
  3 bullfrogs
  A water moccasin zombie (D:10)
  A water moccasin skeleton (D:6)
  4 scorpions
  4 killer bees (D:7)
  A howler monkey (D:10)
  A crimson imp (D:7)
  A quasit (D:8)
  3 bullfrog zombies
  A centaur zombie (D:7)
  4 orc priests
  Crazy Yiuf (D:4)
  A centaur skeleton (D:4)
  6 hounds
  12 orc wizards
  Terence (D:2)
  2 iguanas
  9 worker ants
  A hound zombie (D:7)
  3 hound skeletons
  A worker ant zombie (D:5)
  21 adders
  7 gnolls
  A shadow imp (D:8)
  4 white imps
  An ufetubus (D:10)
  An ooze (D:3)
  An adder skeleton (D:6)
  6 worms
  3 dart slugs
  6 leopard geckos
  54 orcs
  3 ball pythons
  5 bats
  5 giant cockroaches
  8 goblins
  6 hobgoblins
  4 jackals (D:1)
  8 quokkas
  4 frilled lizards
  A jackal skeleton (D:5)
  8 kobolds
  5 rats
271 creatures vanquished.

Vanquished Creatures (others)
  A quokka skeleton (D:6)
1 creature vanquished.

Grand Total: 272 creatures vanquished

Notes
Turn   | Place    | Note
-------+----------+-------------------------------------------
     0 | D:1      | Goaboa the Hill Orc Monk began the quest for the Orb.
     0 | D:1      | Reached XP level 1. HP: 19/19 MP: 1/1
   169 | D:1      | Reached XP level 2. HP: 27/27 MP: 2/2
   172 | D:1      | Reached skill level 1 in Armour
   419 | D:1      | Reached skill level 4 in Fighting
   811 | D:2      | Reached XP level 3. HP: 29/33 MP: 3/3
  1058 | D:2      | Reached XP level 4. HP: 25/41 MP: 4/4
  1204 | D:2      | Noticed Terence
  1219 | D:2      | Killed Terence
  1220 | D:2      | Reached skill level 5 in Axes
  1557 | D:2      | Reached XP level 5. HP: 34/47 MP: 5/5
  1650 | D:2      | Found a faded altar of an unknown god.
  1770 | D:2      | Reached skill level 5 in Fighting
  1814 | D:2      | Reached skill level 1 in Maces & Flails
  1822 | D:2      | Became a worshipper of Trog the Wrathful
  1822 | D:2      | Reached * piety under Trog
  1822 | D:2      | Reached ** piety under Trog
  2083 | D:2      | Found a shadowy altar of Dithmenos.
  2166 | D:2      | Reached *** piety under Trog
  2397 | D:3      | Reached XP level 6. HP: 56/56 MP: 6/6
  2578 | D:3      | Found a sparkling altar of Nemelex Xobeh.
  3005 | D:3      | Found a snail-covered altar of Cheibriados.
  3005 | D:3      | Found an ornate altar of the Wu Jian Council.
  3744 | D:4      | Noticed Grinder
  3744 | D:4      | Paralysed by Grinder for 3 turns
  3751 | D:4      | Killed Grinder
  3752 | D:4      | Reached skill level 6 in Fighting
  3752 | D:4      | Reached XP level 7. HP: 63/63 MP: 7/7
  3954 | D:4      | Reached **** piety under Trog
  4231 | D:4      | Reached skill level 1 in Summonings
  4423 | D:4      | Found a runed translucent door.
  4424 | D:4      | Noticed Crazy Yiuf
  4493 | D:4      | Killed Crazy Yiuf
  4494 | D:4      | Reached XP level 8. HP: 60/71 MP: 8/8
  4590 | D:5      | Entered Level 5 of the Dungeon
  4692 | D:5      | Found a transporter.
  4696 | D:5      | Found a transporter.
  4697 | D:5      | Noticed tysohal's ghost (novice TrWr)
  4736 | D:5      | Reached skill level 1 in Long Blades
  4736 | D:5      | Reached skill level 5 in Armour
  4838 | D:5      | Found a staircase to the Ecumenical Temple.
  5068 | D:5      | Reached skill level 7 in Fighting
  5883 | D:6      | Reached XP level 9. HP: 57/81 MP: 9/9
  5979 | D:6      | Reached skill level 8 in Fighting
  6712 | D:7      | Got a translucent great sword
  6712 | D:7      | Identified the +6 great sword "Ramnyh" {vorpal, +Rage SInv}
                  | (You found it on level 7 of the Dungeon)
  6727 | D:7      | Noticed Quickbrownfox's ghost (novice MiMo)
  6997 | D:7      | Found a transporter.
  7031 | D:7      | Found a transporter.
  7057 | D:7      | Found a hazy altar of Hepliaklqana.
  7337 | D:7      | Found a burning altar of Makhleb.
  7337 | D:7      | Found a shimmering altar of Xom.
  7590 | D:8      | Reached skill level 5 in Long Blades
  7759 | D:8      | Found a staircase to the Lair.
  7899 | D:8      | Noticed a two-headed ogre
  7906 | D:8      | Killed a two-headed ogre
  7907 | D:8      | Reached skill level 9 in Fighting
  7907 | D:8      | Reached skill level 5 in Dodging
  7907 | D:8      | Reached XP level 10. HP: 91/91 MP: 10/10
  7957 | D:8      | Reached ***** piety under Trog
  8400 | D:8      | Noticed Gastronok
  8416 | D:8      | Killed Gastronok
  8417 | D:8      | Reached skill level 10 in Fighting
  8809 | D:8      | Found a shimmering blue altar of Sif Muna.
  8809 | D:8      | Found a glowing silver altar of Zin.
  8810 | D:8      | Found a basalt altar of Yredelemnul.
  8812 | D:8      | Found an ancient bone altar of Kikubaaqudgha.
  8817 | D:8      | Found a stormy altar of Qazlal.
  8984 | D:9      | Noticed a boulder beetle
  8984 | D:9      | Noticed an orc high priest
  8984 | D:9      | Noticed a stone giant
  8985 | D:9      | Found a runed translucent door.
  8985 | D:9      | Noticed Erolcha
  8987 | D:9      | Noticed an ice dragon
  8987 | D:9      | Noticed a deep troll
  8987 | D:9      | Noticed a deep troll earth mage
  9006 | D:9      | Killed Erolcha
  9414 | D:9      | Found a stormy altar of Qazlal.
  9505 | D:9      | Got a smoking ring mail
  9515 | D:9      | Identified the +2 ring mail of Geacle Kusa {Harm Rampage
                  | rC+} (You found it on level 9 of the Dungeon)
 10193 | D:10     | Entered Level 10 of the Dungeon
 10217 | D:10     | Reached XP level 11. HP: 95/101 MP: 11/11
 10931 | D:11     | Noticed a manticore
 10957 | D:11     | Killed a manticore
 11051 | D:11     | Reached skill level 11 in Fighting
 11247 | D:11     | Found a staircase to the Orcish Mines.
 11562 | D:11     | Noticed a two-headed ogre
 11564 | D:11     | Noticed a green ugly thing
 11585 | D:11     | Killed a two-headed ogre
 11586 | D:11     | Reached skill level 10 in Armour
 11705 | D:11     | Noticed an unseen horror
 11709 | D:11     | Killed an unseen horror
 11740 | D:11     | Got a crystal battleaxe
 11740 | D:11     | Identified the +3 battleaxe "Lapli" {vamp, Str+3} (You
                  | found it on level 11 of the Dungeon)
 11826 | D:11     | Noticed a white ugly thing
 11984 | D:11     | Killed a green ugly thing
 11999 | D:11     | Killed a white ugly thing
 12256 | D:11     | Noticed an orc knight
 12343 | D:11     | Slain by an orc warrior

Illustrated notes

Levels and vault maps discovered:
D:1:      dpeg_arrival_solitude, layout_basic, serial_glass, glass_columns_a,
          glass_columns_a
D:2:      layout_loops_ring, nicolae_dithmenos_shadow_blocks,
          chequers_ecumenical_altar_island, uniq_terence
D:3:      layout_basic, nemelex_xobeh_ov_fountains_minmay,
          gammafunk_temple_overflow_statue, st_stairs_7
D:4:      layout_loops_ring, uniq_crazy_yiuf_cottage, uniq_grinder
D:5:      layout_basic, minmay_temple_entry_metal_lava, gammafunk_ghost_smash
D:6:      layout_cave_pools
D:7:      layout_loops_ring, grunt_temple_overflow_champion_of_chaos,
          nzn_hepliaklqana_mist_gate, gammafunk_ghost_arena
D:8:      layout_loops_corners, minitemple, lair_entry_dummy, special_room
          [special_room_orc], uniq_gastronok
D:9:      minmay_gate_of_8, layout_stronghold, amcnicky_altar_gilded,
          uniq_erolcha
D:10:     layout_loops_ring
D:11:     layout_layer_cave, david_orc_4, special_room [special_room_orc],
          corexii_hall_statues_x, minmay_misc_feat_four_crosses

Skill      XL: |  1  2  3  4  5  6  7  8  9 10 11 |
---------------+----------------------------------+-----
Armour         | 1 2 3 4 6 7 9 10 | 10.2
Fighting       | 4 5 6 7 9 10 11 | 11.7
Axes           | 5 6 7 |  7.2
Maces & Flails | 1 3 |  3.3
Summonings     | 1 |  1.2
Long Blades    | 3 5 7 8 |  8.8
Dodging        | 3 5 6 7 |  7.4
Stealth        | |  1.5

Action                   |  1- 3 |  4- 6 |  7- 9 | 10-12 || total
-------------------------+-------+-------+-------+-------++-------
Melee: Hand axe          |   133 |    62 |       |       ||   195
       Flail             |       |   208 |    44 |       ||   252
       Falchion          |       |       |   177 |       ||   177
       Great sword       |       |       |    39 |   201 ||   240
       Battleaxe         |       |       |       |    43 ||    43
Invok: Berserk           |       |     4 |     2 |     1 ||     7
       Trog's Hand       |       |       |     2 |     6 ||     8
       Brothers in Arms  |       |       |       |     1 ||     1
  Use: Scroll            |       |     4 |     2 |    18 ||    24
       Potion            |       |       |     1 |     1 ||     2
 Stab: Sleeping          |     1 |       |       |     1 ||     2
       Distracted        |       |       |       |     1 ||     1
Armor: Ring mail         |    20 |       |       |    50 ||    70
       Chain mail        |    24 |   146 |   162 |    22 ||   354
       Leather armour    |       |       |       |     4 ||     4
Dodge: Dodged            |    71 |   178 |   219 |   243 ||   711
       Rpst.: Falchion   |       |       |    40 |       ||    40
       Great sword       |       |       |    12 |    61 ||    73
